AoeStats
← Ferkus

Arabia

508104997Analyzed
3v3 RM · 12d ago on Sep 20, 2026· 48m 7s· 6 players
Game mode
Random Map
Map size
Normal (6 player)
Population
200
Speed
Normal
Resources
Standard
Victory
Conquest
Starting age
Dark Age
Ending age
Imperial Age
RankedLock teamsTeams togetherTeam positionsShared explorationLock speedFull tech treeHidden civsTurbo modeCheats
Victory
Defeat
🇧🇷 Ethiopians · Brazil
1277
+15
🇧🇷 Turks · Brazil
1260
+15
🇧🇷 Franks · Brazil
1217
+17
🇦🇷 Italians · Argentina
1310
-18
🇦🇷 Celts · Argentina
1242
-16
🇦🇷 Shu · Argentina
1181
-13
gelas14
6:48 Loom
9:21 Feudal Age
9:54 Double-Bit Axe
10:12 Horse Collar
16:05 Scale Barding Armor
16:13 Forging
17:42 Bloodlines
21:13 Castle Age
19:48 Fletching
21:22 Scale Mail Armor
22:15 Bodkin Arrow
26:52 Bow Saw
27:56 Stone Mining
29:09 Gold Mining
32:38 Sanctity
33:19 Ballistics
33:59 Stone Shaft Mining
33:55 Padded Archer Armor
39:12 Leather Archer Armor
40:31 Wheelbarrow
40:28 Elite Skirmisher
46:12 Imperial Age
GedetongaXIX
7:55 Loom
10:05 Feudal Age
11:07 Double-Bit Axe
14:15 Horse Collar
16:17 Fletching
17:21 Wheelbarrow
20:59 Castle Age
21:22 Scale Barding Armor
21:20 Padded Archer Armor
21:12 Crossbowman
22:03 Thumb Ring
26:01 Forging
25:49 Bodkin Arrow
29:57 Leather Archer Armor
36:15 Scale Barding Armor
39:40 Imperial Age
40:23 Bracer
40:54 Ring Archer Armor
39:54 Arbalester
40:58 Ballistics
42:51 Chemistry
Ferkus
8:09 Loom
10:32 Feudal Age
11:53 Man-at-Arms
13:01 Arson
13:52 Double-Bit Axe
20:14 Town Watch
20:12 Horse Collar
20:27 Gold Mining
26:02 Forging
25:53 Scale Mail Armor
28:40 Castle Age
28:44 Pikeman
29:41 Chain Mail Armor
32:53 Bow Saw
34:04 Iron Casting
38:51 Town Patrol
40:31 Fletching
40:50 Heavy Plow
42:58 Bodkin Arrow
44:31 Gambesons
46:07 Wheelbarrow
45:36 Padded Archer Armor
50:47 Imperial Age
FakeNewsBR
6:21 Loom
9:44 Feudal Age
12:44 Double-Bit Axe
18:10 Fletching
24:37 Castle Age
23:56 Horse Collar
24:53 Crossbowman
25:33 Bodkin Arrow
26:33 Padded Archer Armor
28:26 Ballistics
28:37 Thumb Ring
29:00 Bow Saw
29:43 Leather Archer Armor
30:18 Town Watch
32:47 Heavy Plow
36:33 Wheelbarrow
38:43 Imperial Age
39:00 Arbalester
41:23 Chemistry
40:39 Bracer
42:08 Ring Archer Armor
Moon Warrior
6:23 Loom
9:38 Feudal Age
10:16 Double-Bit Axe
10:14 Horse Collar
18:30 Scale Barding Armor
19:40 Forging
25:05 Castle Age
23:47 Bloodlines
24:55 Wheelbarrow
24:12 Gold Mining
26:32 Bow Saw
26:28 Heavy Plow
27:05 Gold Shaft Mining
27:30 Chain Barding Armor
28:17 Husbandry
30:23 Iron Casting
33:13 Stone Mining
33:49 Town Watch
36:02 Hand Cart
43:29 Imperial Age
43:47 Cavalier
45:04 Plate Barding Armor
45:30 Blast Furnace
45:37 Two-Man Saw
45:57 Conscription
45:40 Artillery
GeroKannemann
7:12 Loom
9:57 Feudal Age
10:27 Double-Bit Axe
12:08 Scale Barding Armor
17:20 Forging
24:07 Castle Age
24:29 Gold Mining
25:57 Bow Saw
26:38 Chain Barding Armor
26:54 Iron Casting
30:34 Wheelbarrow
33:23 Stone Mining
36:29 Gold Shaft Mining
36:29 Hand Cart
42:34 Imperial Age
41:43 #83
42:32 Town Watch
43:41 Conscription
42:52 Cavalier
44:17 Husbandry
44:53 Plate Barding Armor
45:49 Blast Furnace
44:59 Paladin
46:25 Chivalry
Connection lost

Rejoining the realm…

Still unreachable

The connection could not be restored.

Session expired

The server has moved on; the page needs a fresh start.